[Event "Late-Titled-Tuesday-Blitz-June-18-2024"]
[Site "Chess.com"]
[Date "2024.06.18"]
[Round "6"]
[White "bazar-wokzal"]
[Black "BirdMaster3000"]
[Result "1-0"]
[WhiteElo "2602"]
[BlackElo "2762"]
[TimeControl "180+1"]
[EndTime "15:07:50 PDT"]
[Termination "bazar-wokzal won by resignation"]

1. e4 c5 2. c3 d5 3. exd5 Qxd5 4.
d4 g6 5. dxc5 Qxc5 6. Be3 Qc7 7.
Bxa7 Nc6 8. Be3 Nf6 9. Nf3 Bg7 10. Be2 Ng4 11. Bg5 h6 12. Bh4 Qb6 13. Qd2 O-O 14. O-O Rd8 15. Qc1 Bf5 16. Na3 Qc5 17. h3 Nge5 18.
Nxe5 Nxe5 19. b4 Qc7 20. Nb5 Qc6 21. Bxe7 Nd3 22. Bxd3 Rxd3 23. Nd4 Bxd4 24. cxd4 Rc3 25. Qxh6 Re8 26. Bg5 f6 27. Be3 Rexe3 28. fxe3 Rc2 29.
Rf2 Rxf2 30. Kxf2 Qc2+ 31. Kg3 Be4 32. Rg1 Kf7 33. Qf4 g5 34. Qg4 Qc7+ 35. Kf2 Bd3 36. Re1 1-0

[Event "Late-Titled-Tuesday-Blitz-June-18-2024"]
[Site "Chess.com"]
[Date "2024.06.18"]
[Round "6"]
[White "Korchmar_Vasiliy"]
[Black "Giantgoogachess"]
[Result "0-1"]
[WhiteElo "2629"]
[BlackElo "2504"]
[TimeControl "180+1"]
[EndTime "15:07:50 PDT"]
[Termination "Giantgoogachess won on time"]

1. e4 c5 2. d4 cxd4 3. Qxd4 Nc6 4. Qd3 Nf6 5. Nc3 e6 6. Bf4 a6 7. O-O-O b5 8. e5 Ng4 9. Qf3 h5 10. h3 Bb7 11. hxg4 hxg4 12. Rxh8 gxf3 13. Ne4 Nxe5 14. Nd6+ Ke7 15. Bxe5 fxg2 16. Be2 Bc6 17. Nh3 f6 18. Nf4 fxe5 19. Ng6+ Kf6 20. Rxf8+ Qxf8 21. Nxf8 Rxf8 22.
Bd3 Ke7 23. Ne4 Bxe4 24. Bxe4 Rxf2 25. Re1 Rf1 26. Kd2 Rxe1 0-1

[Event "Late-Titled-Tuesday-Blitz-June-18-2024"]
[Site "Chess.com"]
[Date "2024.06.18"]
[Round "6"]
[White "jcibarra"]
[Black "DenLaz"]
[Result "0-1"]
[WhiteElo "3013"]
[BlackElo "3106"]
[TimeControl "180+1"]
[EndTime "15:07:51 PDT"]
[Termination "DenLaz won by resignation"]

1. e4 c5 2. Nf3 e6 3. d3 Nc6 4. g3 d5 5. Qe2 Nf6 6. Bg2 Be7 7. O-O O-O 8. e5 Ne8 9. c4 a6 10. Rd1 b5 11. Nc3 Nc7 12. b3 Rb8 13. h4 a5 14. Bg5 Ba6 15. Rac1 h6 16. Bxe7 Qxe7 17. Qe1 dxc4 18. dxc4 bxc4 19. Rd6 Nb4 20. bxc4 Bxc4 21. Qd2 Ncd5 22. Ne4 Bxa2 23. Nxc5 Rfd8 24. Rxd8+ Rxd8 25. Ne4 a4 26. Nd6 Bb3 27. Nd4 Ra8 28. Qb2 Nd3 29. Rc8+ Rxc8 30. Nxc8 Qc5 31. Qa1 Qxc8 0-1

[Event "Late-Titled-Tuesday-Blitz-June-18-2024"]
[Site "Chess.com"]
[Date "2024.06.18"]
[Round "6"]
[White "Tunahan_Makaraci"]
[Black "gabduschew"]
[Result "1-0"]
[WhiteElo "2627"]
[BlackElo "2370"]
[TimeControl "180+1"]
[EndTime "15:07:53 PDT"]
[Termination "Tunahan_Makaraci won by resignation"]

1. e4 e5 2. Nc3 Nf6 3. f4 d5 4.
fxe5 Nxe4 5. Qf3 f5 6. d3 Nxc3 7. bxc3 d4 8. Be2 Nc6 9. Qg3 Be6 10. Bf3 Qd7 11. Ne2 dxc3 12. Bxc6 Qxc6 13. O-O O-O-O 14. Be3 a6 15. Nd4 Qd5 16. Nxf5 Bc5 17. Bxc5 Qxc5+ 18. d4 Qc4 19. Ne7+ Kb8 20. Qxg7 Qxd4+ 21. Kh1 Qd2 22. Rab1 Ka8 23. Qf6 Bc4 24. Rfe1 Rhf8 25.
Qh4 Qxc2 26. Qxc4 Rd2 27. Qxc7 Rb8 28. Nc6 1-0

[Event "Late-Titled-Tuesday-Blitz-June-18-2024"]
[Site "Chess.com"]
[Date "2024.06.18"]
[Round "6"]
[White "Laico"]
[Black "KamilaHryshchenko"]
[Result "1-0"]
[WhiteElo "2443"]
[BlackElo "2135"]
[TimeControl "180+1"]
[EndTime "15:07:53 PDT"]
[Termination "Laico won by resignation"]

1. e4 d6 2. Nc3 g6 3. f4 Bg7 4. Nf3 Nf6 5. Bc4 O-O 6. e5 dxe5 7. fxe5 Ng4 8. e6 fxe6 9. Qe2 Nc6 10. Bxe6+ Kh8 11.
O-O Nd4 12. Nxd4 Qxd4+ 13. Kh1 Bxe6 14. d3 Nf2+ 15. Kg1 Nh3+ 16. Kh1 Rxf1+ 17. Qxf1 Rf8 18. Qe1 Nf2+ 19. Kg1 Nxd3+ 20. Qe3 Qf6 21. Bd2 Bh6 22. Qxd3 Qf2+ 23. Kh1 Bxd2 24. Ne4 Qe3 25. Nxd2 Qxd3 26. cxd3 Bd5 27. Kg1 e6 28. Re1 c6 29. a3 Kg7 30.
Nb1 Rd8 31. Nc3 Bb3 32. Re3 b6 33. Ne4 Bd5 34. Ng5 Re8 35. Kf2 h6 36. Nh3 g5 37. g3 Rf8+ 38. Ke1 Rf6 39. Nf2 Kf7 40. Ng4 Rf3 41. Ne5+ Ke7 42. Nxf3 1-0

[Event "Late-Titled-Tuesday-Blitz-June-18-2024"]
[Site "Chess.com"]
[Date "2024.06.18"]
[Round "6"]
[White "esskeettit"]
[Black "Andrii_Prydun"]
[Result "1-0"]
[WhiteElo "2520"]
[BlackElo "2368"]
[TimeControl "180+1"]
[EndTime "15:08:00 PDT"]
[Termination "esskeettit won by resignation"]

1. d4 d5 2. c4 e6 3. Nc3 Nf6 4. cxd5 Nxd5 5. e4 Nxc3 6. bxc3 c5 7. Nf3 a6 8. Bd3 b5 9. O-O b4 10. dxc5 bxc3 11. Be3 Nd7 12. Qa4 Qc7 13. c6 Nb8 14. Rfc1 Qxc6 15. Qb3 Nd7 16. Rxc3 Qb7 17. Rac1 Kd8 18.
Rxc8+ Qxc8 19. Rxc8+ Rxc8 20. Bxa6 1-0

[Event "Late-Titled-Tuesday-Blitz-June-18-2024"]
[Site "Chess.com"]
[Date "2024.06.18"]
[Round "6"]
[White "LeonardoL2005"]
[Black "amylazy"]
[Result "0-1"]
[WhiteElo "2255"]
[BlackElo "2474"]
[TimeControl "180+1"]
[EndTime "15:08:00 PDT"]
[Termination "amylazy won by resignation"]

1. e4 c5 2. Nc3 g6 3. g3 Bg7 4. Bg2 Nc6 5. d3 d6 6. Be3 Nf6 7. h3 O-O 8. Qd2 Nd4 9. Nce2 e5 10. c3 Nc6 11. Bh6 Re8 12. Bxg7 Kxg7 13. f4 exf4 14.
gxf4 Rb8 15. Nf3 b5 16. Ng5 Bb7 17. Ng3 c4 18. d4 h6 19. Nxf7 Kxf7 20. e5 dxe5 21.
fxe5 Nxe5 22. O-O Bxg2 23. Qxg2 Nd7 24. Ne4 Qe7 25. Rae1 Kg7 26. Nxf6 Qxe1 27. Nxd7 Qe3+ 28. Kh2 Rbd8 29. Ne5 Rxe5 30. dxe5 Qxe5+ 31. Kh1 Qd5 32.
Rf2 h5 33. Re2 Qxg2+ 34. Kxg2 Kf6 35. Kg3 Rd3+ 36. Kh4 g5+ 37. Kxh5 Rxh3+ 38. Kg4 Rh4+ 39. Kg3 Rf4 40. Rd2 Re4 41. Rd6+ Re6 42. Rd5 a6 43. Kg4 Re4+ 44. Kf3 Re5 45. Rd6+ Re6 46. Rd8 Ke5 47. Rg8 Kf5 48. Rf8+ Rf6 49. Re8 g4+ 50. Kg3 Kg5 51. Re5+ Rf5 52. Re8 Rf3+ 53. Kg2 Rd3 54. Rg8+ Kf4 55.
Re8 Rd2+ 56. Kf1 Rxb2 57. Rf8+ Kg3 58. Ke1 Rxa2 0-1

[Event "Late-Titled-Tuesday-Blitz-June-18-2024"]
[Site "Chess.com"]
[Date "2024.06.18"]
[Round "6"]
[White "artin10862"]
[Black "GothamChess"]
[Result "1-0"]
[WhiteElo "2940"]
[BlackElo "2721"]
[TimeControl "180+1"]
[EndTime "15:08:02 PDT"]
[Termination "artin10862 won by resignation"]

1. e4 d5 2. exd5 Qxd5 3. Nc3 Qa5 4. d4 Nf6 5. Bc4 Bg4 6. f3 Bd7 7. Ne2 b5 8. Bb3 e6 9. O-O c5 10. dxc5 Bxc5+ 11. Kh1 O-O 12. Ne4 Nxe4 13. fxe4 Bc6 14. Ng3 Nd7 15. Qg4 Bd4 16. Bf4 Bxb2 17. Rad1 Ne5 18.
Qg5 Ng6 19. Bd6 Rfd8 20. Rxf7 Kxf7 21. Bxe6+ Ke8 22. Nf5 Bxe4 23. Qe3 Bxf5 24. Bd5+ Kd7 25. Bxa8 Bxc2 26. Qh3+ 1-0

[Event "Late-Titled-Tuesday-Blitz-June-18-2024"]
[Site "Chess.com"]
[Date "2024.06.18"]
[Round "6"]
[White "ACollins05"]
[Black "carokannlover213"]
[Result "0-1"]
[WhiteElo "2411"]
[BlackElo "2665"]
[TimeControl "180+1"]
[EndTime "15:08:04 PDT"]
[Termination "carokannlover213 won by resignation"]

1. Nf3 Nf6 2. e3 b6 3. b3 Bb7 4. Bb2 a5 5. Be2 a4 6. O-O e6 7. bxa4 Rxa4 8. c4 Ra8 9. d3 Be7 10. Nbd2 O-O 11. Ne5 d6 12. Bf3 c6 13. Ng4 Nxg4 14.
Bxg4 e5 15. d4 exd4 16. Bxd4 d5 17. cxd5 c5 18. Bb2 Bxd5 19. Bf3 Nc6 20. Bxd5 Qxd5 21. Nb3 Qe6 22. Qf3 Nb4 23. Qg3 f6 24. Nc1 Nxa2 25.
Nxa2 Rxa2 26. Rxa2 Qxa2 27. Qc7 Qxb2 28. Qxe7 Qe5 29.
Qb7 Rb8 30. Qc6 Qe8 31. Qd5+ Qf7 32. Qc6 Qb7 33. Qe6+ Kf8 34. Rd1 Qe7 35. Qc6 Rd8 36. Ra1 Rd6 37. Qc8+ Kf7 38. g3 Qd7 39. Qb8 Rd1+ 40.
Rxd1 Qxd1+ 41. Kg2 Qd5+ 42. Kg1 Qc6 43. Qa7+ Kg6 44.
h4 c4 45. h5+ Kh6 46. Qb8 Qe4 47. Qxb6 Kxh5 48. Qc5+ Kg4 49. Kf1 g6 50. Ke2 Qd3+ 51.
Ke1 c3 52. Qb4+ Kh3 53. g4 Kg2 54. Qb7+ Kg1 0-1

[Event "Late-Titled-Tuesday-Blitz-June-18-2024"]
[Site "Chess.com"]
[Date "2024.06.18"]
[Round "6"]
[White "BardArtem"]
[Black "chesselephant"]
[Result "1/2-1/2"]
[WhiteElo "2864"]
[BlackElo "2590"]
[TimeControl "180+1"]
[EndTime "15:08:06 PDT"]
[Termination "Game drawn by agreement"]

1. e4 e5 2. Nf3 Nc6 3. Nc3 Nf6 4. a4 Be7 5. d4 exd4 6. Nxd4 O-O 7. Nxc6 dxc6 8. Qxd8 Rxd8 9. f3 Be6 10. Be3 Nd7 11.
Kf2 a6 12. Be2 b5 13. axb5 cxb5 14. Rhd1 Nc5 15. Nd5 Bxd5 16. Rxd5 Rxd5 17. exd5 Rd8 18. b4 Na4 19. c4 Bxb4 20. cxb5 axb5 21. Bxb5 Nc3 22. Bc6 h6 23. Ra8 Rxa8 24. Bxa8 Nd1+ 25. Ke2 Nxe3 26. d6 Bxd6 27. Kxe3 Bxh2 28. f4 Bg1+ 29. Kf3 Bb6 30. g4 Kf8 31. Ke4 Ke7 32. Bd5 g6 33. f5 h5 34. fxg6 fxg6 35. gxh5 gxh5 36. Kf3 h4 37.
Kg2 Kd6 38. Bf3 Ke5 39. Be2 Kd4 40. Kh1 Ke3 41. Ba6 c5 42. Bb5 Kd4 1/2-1/2

[Event "Late-Titled-Tuesday-Blitz-June-18-2024"]
[Site "Chess.com"]
[Date "2024.06.18"]
[Round "6"]
[White "Rhinos1"]
[Black "s-dshubin"]
[Result "1/2-1/2"]
[WhiteElo "2075"]
[BlackElo "2370"]
[TimeControl "180+1"]
[EndTime "15:08:11 PDT"]
[Termination "Game drawn by stalemate"]

1. e4 e5 2. Nf3 Nf6 3. Nc3 Bc5 4.
d3 Nc6 5. Be2 O-O 6. O-O h6 7.
Be3 Bb6 8. d4 exd4 9. Nxd4 Nxd4 10. Bxd4 d6 11. Kh1 Bd7 12. f4 Bc6 13. e5 dxe5 14.
fxe5 Qxd4 15. exf6 Qh4 16. fxg7 Rfe8 17. Bf3 Rad8 18.
Qc1 Bxf3 19. Rxf3 Bd4 20. Qf1 Bxg7 21. Rxf7 Be5 22. g3 Bxg3 23. Qg2 Kxf7 24. Qxg3 Qxg3 25.
hxg3 Rd2 26. Rf1+ Kg7 27. Kg1 Rxc2 28. Rf2 Re1+ 29. Kg2 Rec1 30. Ne2 Rb1 31. g4 Rbxb2 32. Kf3 Rxa2 33. g5 hxg5 34. Rg2 Rxe2 35. Rxg5+ Kf6 36. Rg4 Rf2+ 37. Kg3 Rg2+ 38. Kh3 Rxg4 39. Kxg4 Rf2 40. Kg3 Rf5 41. Kg4 a5 42. Kh4 a4 43. Kg4 a3 44. Kh4 a2 45. Kg4 b5 46. Kh4 b4 47.
Kg4 b3 48. Kh4 b2 49. Kg4 c5 50. Kh3 c4 51. Kg2 c3 52. Kh2 c2 53. Kg3 Rf1 54. Kh4 Rd1 55. Kh3 Ke5 56. Kg4 Kd4 57. Kh4 Kc3 58. Kg5 Kd2 59. Kh5 Rg1 60. Kh4 c1=Q 61.
Kh3 Qf1+ 62. Kh2 b1=Q 1/2-1/2

[Event "Late-Titled-Tuesday-Blitz-June-18-2024"]
[Site "Chess.com"]
[Date "2024.06.18"]
[Round "6"]
[White "EmmaChess"]
[Black "pirulillo"]
[Result "1-0"]
[WhiteElo "2640"]
[BlackElo "2406"]
[TimeControl "180+1"]
[EndTime "15:08:12 PDT"]
[Termination "EmmaChess won by resignation"]

1. Nf3 Nf6 2. g3 g6 3. b3 Bg7 4. Bb2 O-O 5. Bg2 d6 6. d4 Nbd7 7. O-O c6 8. Nbd2 Qc7 9. e4 a5 10. Re1 a4 11. c4 e5 12. b4 a3 13. Bc3 exd4 14. Nxd4 Re8 15. Qc2 h5 16. Rad1 h4 17. N2b3 Ne5 18. Ba1 h3 19. Bh1 Be6 20. Nxe6 Rxe6 21. c5 Rae8 22. Nd4 dxc5 23. Nxe6 Rxe6 24. bxc5 Neg4 25. f3 Ne5 26. f4 Neg4 27. Bf3 Re8 28. e5 Nxh2 1-0

[Event "Late-Titled-Tuesday-Blitz-June-18-2024"]
[Site "Chess.com"]
[Date "2024.06.18"]
[Round "6"]
[White "CoachVadim"]
[Black "Slovineanu"]
[Result "0-1"]
[WhiteElo "2390"]
[BlackElo "2551"]
[TimeControl "180+1"]
[EndTime "15:08:13 PDT"]
[Termination "Slovineanu won on time"]

1. Nf3 Nf6 2. g3 d5 3. Bg2 Nbd7 4. d4 e6 5. O-O b5 6. c3 c5 7. a4 b4 8. Ne5 cxd4 9. cxd4 Bb7 10. Nd2 Bd6 11.
f4 O-O 12. a5 Ba6 13. Re1 Rc8 14. e4 dxe4 15. Nxe4 Nxe4 16. Bxe4 Nf6 17. Bg2 Qc7 18. Be3 Bb7 19. Rc1 Qb8 20. Qe2 Bxg2 21. Qxg2 Qb5 22. Nc6 Rc7 23. Ne5 Qxa5 24. Rxc7 Qxc7 25. Rc1 Qa5 26. Qc6 Qd5 27. Qa6 Bxe5 28. dxe5 Ng4 29. Bxa7 Qd2 30. Rc8 Qxh2+ 31. Kf1 Qh3+ 32. Ke2 Qg2+ 33.
Kd1 g6 0-1

[Event "Late-Titled-Tuesday-Blitz-June-18-2024"]
[Site "Chess.com"]
[Date "2024.06.18"]
[Round "6"]
[White "marvinguevara"]
[Black "Connectedcloud"]
[Result "1-0"]
[WhiteElo "2165"]
[BlackElo "2328"]
[TimeControl "180+1"]
[EndTime "15:08:13 PDT"]
[Termination "marvinguevara won by resignation"]

1. e4 c5 2. Nf3 d6 3. d4 cxd4 4.
c3 Nf6 5. Bd3 dxc3 6. Nxc3 g6 7.
O-O Bg7 8. Qe2 O-O 9. Rd1 Nbd7 10. Bg5 a6 11. Bxf6 Nxf6 12. e5 Ne8 13. exd6 Nxd6 14. Ne4 Bg4 15. h3 Bc8 16. Bc2 Bxb2 17. Rab1 Bg7 18. Nxd6 exd6 19. Qd2 b5 20. Qb4 Be6 21.
Rxd6 Qc7 22. Be4 Ra7 23. Rbd1 Rb8 24. Ng5 Bf8 25. Nxe6 fxe6 26. Qb3 Bxd6 27. Qxe6+ Qf7 28. Qxd6 Qf8 29. Bd5+ Kh8 30. Qe5+ Rg7 31. Rc1 Re8 32. Qb2 Qf4 33. g3 Qd6 34. Bb3 Rf8 35. Rd1 Qe7 36.
h4 Qa7 37. h5 gxh5 38. Be6 h4 39. Rd7 Qxf2+ 40. Qxf2 Rxg3+ 41. Qxg3 hxg3 42. Kg2 h5 43. Kxg3 Rb8 44. Kh4 a5 45. Kxh5 a4 46. Kg6 1-0

[Event "Late-Titled-Tuesday-Blitz-June-18-2024"]
[Site "Chess.com"]
[Date "2024.06.18"]
[Round "6"]
[White "Finejupiter"]
[Black "crazycheesecake"]
[Result "1-0"]
[WhiteElo "2031"]
[BlackElo "2102"]
[TimeControl "180+1"]
[EndTime "15:08:13 PDT"]
[Termination "Finejupiter won by checkmate"]

1. d4 d5 2. c4 e6 3. Nc3 Nf6 4.
Nf3 Be7 5. e3 O-O 6. Bd3 b6 7.
O-O Bb7 8. Ne5 Nbd7 9. f4 dxc4 10. Bxc4 Nxe5 11. fxe5 Nd5 12. Bd3 c5 13. Qh5 g6 14.
Qg4 Bg5 15. Kh1 Nxe3 16. Bxe3 Bxe3 17. Ne4 Bxe4 18. Bxe4 Qxd4 19. Rae1 Bh6 20. Rf3 Bg7 21.
Rh3 Qxe5 22. Qh4 Qh5 23. Qxh5 gxh5 24. Rxh5 Bxb2 25. Re3 Rad8 26. Rg3+ Bg7 27. Bxh7+ Kh8 28. Bd3+ Kg8 29. Rh7 Rfe8 30. Rgxg7+ Kf8 31. Rxf7+ Kg8 32. Bf1 Rd1 33. Kg1 Rf8 34. Rfg7# 1-0

[Event "Late-Titled-Tuesday-Blitz-June-18-2024"]
[Site "Chess.com"]
[Date "2024.06.18"]
[Round "6"]
[White "NajdorfPlayerc5"]
[Black "Dhaydon19"]
[Result "0-1"]
[WhiteElo "2444"]
[BlackElo "2654"]
[TimeControl "180+1"]
[EndTime "15:08:15 PDT"]
[Termination "Dhaydon19 won on time"]

1. e4 e6 2. d4 d5 3. Nd2 dxe4 4.
Nxe4 Bd7 5. Nf3 Bc6 6. Bd3 Nd7 7. O-O h6 8. c3 Ngf6 9. Nxf6+ gxf6 10. Qe2 Bd6 11. Be4 Bxe4 12. Qxe4 c6 13. Nh4 Qe7 14.
Bf4 O-O-O 15. Bxd6 Qxd6 16. b4 f5 17. Qf3 Rdg8 18.
g3 Rg4 19. Ng2 h5 20. h3 Rg7 21. h4 Nf6 22. b5 Qd5 23. Qxd5 cxd5 24. c4 dxc4 25.
Rac1 Kb8 26. Rxc4 Nd5 27. Rfc1 f4 28. Kh2 fxg3+ 29. fxg3 Rhg8 30. Ne1 Rxg3 31. Rc8+ Rxc8 32. Rxc8+ Kxc8 33. Kxg3 f6 34. Nd3 b6 35. Kf3 Kd7 36.
Nf2 Ke7 37. Ne4 e5 38. dxe5 fxe5 39. Ng3 Nf6 40. Ke3 Ke6 41. Kd3 Kd5 42. a4 e4+ 43.
Ke3 Ke5 44. Ne2 Nd5+ 45. Kf2 Nf4 46. Ng3 Kd4 47. Nf5+ Kd3 48. Kg3 e3 0-1

[Event "Late-Titled-Tuesday-Blitz-June-18-2024"]
[Site "Chess.com"]
[Date "2024.06.18"]
[Round "6"]
[White "nochewycandy"]
[Black "Maus7"]
[Result "0-1"]
[WhiteElo "2783"]
[BlackElo "2623"]
[TimeControl "180+1"]
[EndTime "15:08:17 PDT"]
[Termination "Maus7 won by resignation"]

1. d4 Nf6 2. Nc3 d5 3. Bf4 a6 4. e3 c5 5. Nf3 Nc6 6. a3 e6 7.
Bd3 Bd6 8. dxc5 Bxc5 9. O-O b5 10.
e4 d4 11. Ne2 Bb7 12. Ng3 h6 13. Qe2 g5 14. Bd2 g4 15. Ne1 h5 16. e5 Nd5 17.
Ne4 Be7 18. f4 Qb6 19. Kh1 Ne3 20. Bxe3 dxe3 21. c3 h4 22. Qxg4 h3 23. g3 O-O-O 24. Qf3 Rd7 25. Qe2 Rhd8 26. Kg1 Na5 27. Nd6+ Bxd6 28.
exd6 Qc6 29. Rf3 Rxd6 30. Rd1 Nc4 31. b3 Nd2 32. Rxe3 Qh1+ 33. Kf2 Qxh2+ 0-1

[Event "Late-Titled-Tuesday-Blitz-June-18-2024"]
[Site "Chess.com"]
[Date "2024.06.18"]
[Round "6"]
[White "picturesquecheck"]
[Black "ploxoi"]
[Result "1/2-1/2"]
[WhiteElo "2380"]
[BlackElo "2513"]
[TimeControl "180+1"]
[EndTime "15:08:17 PDT"]
[Termination "Game drawn by repetition"]

1. g3 d5 2. Bg2 Nf6 3. Nf3 e6 4. d4 Be7 5. O-O O-O 6. c4 c6 7. b3 Nbd7 8. Nc3 b6 9. Re1 Bb7 10. Qc2 c5 11. cxd5 Nxd5 12. Nxd5 Bxd5 13. e4 Bb7 14. d5 exd5 15. exd5 Nf6 16. Bb2 Nxd5 17.
Rad1 Qc7 18. Qf5 Bf6 19. Ng5 g6 20. Qg4 Bxb2 21. Bxd5 Bxd5 22. Rxd5 Bg7 23. Rd7 Qc6 24. Ree7 Rad8 25. Rxf7 Rxd7 26. Rxd7 Qf6 27. Qc4+ Kh8 28.
Nf7+ Kg8 29. Ng5+ Kh8 30. Nf7+ Kg8 31. Ng5+ 1/2-1/2

[Event "Late-Titled-Tuesday-Blitz-June-18-2024"]
[Site "Chess.com"]
[Date "2024.06.18"]
[Round "6"]
[White "ozates"]
[Black "10n0l20"]
[Result "1-0"]
[WhiteElo "2637"]
[BlackElo "2475"]
[TimeControl "180+1"]
[EndTime "15:08:19 PDT"]
[Termination "ozates won by resignation"]

1. e4 e5 2. Nf3 Nc6 3. Bc4 Nf6 4. d3 h6 5. O-O d6 6. Nc3 g6 7. a4 Bg7 8. h3 O-O 9. Be3 Ne7 10. Qd2 Kh7 11. d4 exd4 12. Bxd4 Nc6 13. Be3 Be6 14.
Bd3 Nd7 15. Rab1 Nde5 16. Nxe5 dxe5 17. Nd5 Nd4 18. c3 Nc6 19. Qc2 Ne7 20. Bc5 Nxd5 21.
exd5 Qxd5 22. Bxf8 Rxf8 23. Be4 Qc5 24. Bxb7 c6 25.
Ba6 Bf5 26. Bd3 e4 27. Bxe4 Be6 28. Rfe1 Qc4 29. b3 Qxc3 30. Bxg6+ Kg8 31. Bh7+ Kh8 32.
Be4 Qxc2 33. Bxc2 c5 34. Bd3 a5 35. Bc4 Bf5 36. Rbd1 Bd4 37. Re7 Kg7 38. g4 Bc2 39. Rde1 Bg6 40. Kg2 h5 41. f4 hxg4 42. hxg4 Bc3 43.
R1e2 Bb1 44. Rc7 Bd4 45. Ree7 Bg6 46. f5 1-0

[Event "Late-Titled-Tuesday-Blitz-June-18-2024"]
[Site "Chess.com"]
[Date "2024.06.18"]
[Round "6"]
[White "rionelG"]
[Black "GiorgianBarbosa"]
[Result "0-1"]
[WhiteElo "2344"]
[BlackElo "2504"]
[TimeControl "180+1"]
[EndTime "15:08:19 PDT"]
[Termination "GiorgianBarbosa won by resignation"]

1. e4 c5 2. g3 h5 3. h3 Nc6 4. Bg2 e5 5. Ne2 g6 6. c3 d6 7.
d4 cxd4 8. cxd4 Bg7 9. Be3 Qb6 10.
d5 Qxb2 11. Nbc3 Nd4 12. O-O Nxe2+ 13. Nxe2 Qa3 14. Rc1 Nf6 15. Nc3 a6 16. f4 exf4 17. gxf4 O-O 18. Bd4 Ne8 19. Bxg7 Nxg7 20. f5 gxf5 21.
exf5 Bxf5 22. Rxf5 Nxf5 23. Ne4 Qe3+ 24. Kh1 Ng3+ 25.
Nxg3 Qxg3 26. Qxh5 Rae8 27. Rg1 Re5 28. Qh6 Rg5 29.
h4 Rg4 30. Qh5 Rxh4+ 31. Qxh4 Qxh4+ 32. Bh3+ Kh8 33. Kg2 Rg8+ 0-1

[Event "Late-Titled-Tuesday-Blitz-June-18-2024"]
[Site "Chess.com"]
[Date "2024.06.18"]
[Round "6"]
[White "TigrVShlyape"]
[Black "Evan_Attaker"]
[Result "1-0"]
[WhiteElo "3008"]
[BlackElo "2748"]
[TimeControl "180+1"]
[EndTime "15:08:20 PDT"]
[Termination "TigrVShlyape won by checkmate"]

1. e4 d6 2. d4 Nf6 3. Bd3 g6 4. Nf3 Bg7 5. c3 O-O 6. O-O c5 7. dxc5 dxc5 8. h3 Nc6 9. Bf4 b6 10. Qe2 Bb7 11. Nbd2 Qd7 12. Ba6 Rad8 13. Bxb7 Qxb7 14.
a4 Rd7 15. Rfe1 Rfd8 16. Nc4 Qa6 17. Bh2 Ne8 18. e5 Nc7 19. Ng5 e6 20. Bg3 Na5 21. Nxa5 Qxa5 22. Ne4 Qa6 23. c4 Qa5 24. b3 Qb4 25.
Rab1 Rd3 26. Qc2 R8d4 27. f3 h5 28. Bf2 Rd7 29. f4 Ne8 30. Red1 Rxd1+ 31. Rxd1 Rxd1+ 32. Qxd1 Qa3 33. Kh2 Qb2 34. Qd8 Qxb3 35. Qxe8+ Bf8 36. Ng5 Qxc4 37. Qxf7+ Kh8 38. Qxf8# 1-0

[Event "Late-Titled-Tuesday-Blitz-June-18-2024"]
[Site "Chess.com"]
[Date "2024.06.18"]
[Round "6"]
[White "ellatambien"]
[Black "Artem_Koval"]
[Result "0-1"]
[WhiteElo "2702"]
[BlackElo "2571"]
[TimeControl "180+1"]
[EndTime "15:08:20 PDT"]
[Termination "Artem_Koval won by resignation"]

1. Nf3 d5 2. c4 e6 3. g3 Nf6 4. Bg2 Be7 5. O-O O-O 6. d4 dxc4 7. Na3 Bxa3 8. bxa3 Nbd7 9. a4 Re8 10. Ba3 a5 11. Rc1 Nb6 12. Ne5 Bd7 13. Bxb7 Bxa4 14. Qd2 Rb8 15. Bc6 Nfd7 16. Bxa4 Nxa4 17. Nc6 Qc8 18.
Nxb8 Qxb8 19. Rxc4 Nab6 20. Rc2 a4 21. Rfc1 Rc8 22. e4 Nf6 23. Qf4 Qa8 24. Rxc7 Rd8 25. Bc5 Nbd7 26. f3 h6 27. Qd6 Ne8 28. Qc6 Nxc7 29.
Qxc7 Nxc5 30. Qxc5 Qa6 31. Qc4 Qb6 32. Rd1 e5 33.
Qxa4 exd4 34. Kg2 d3 35. Rd2 Qe3 36. Qa5 Rc8 37. g4 Qxd2+ 38. Qxd2 Rc2 0-1

[Event "Late-Titled-Tuesday-Blitz-June-18-2024"]
[Site "Chess.com"]
[Date "2024.06.18"]
[Round "6"]
[White "NMJeevanK"]
[Black "OparinGrigoriy"]
[Result "0-1"]
[WhiteElo "2710"]
[BlackElo "3011"]
[TimeControl "180+1"]
[EndTime "15:08:21 PDT"]
[Termination "OparinGrigoriy won by checkmate"]

1. e4 a6 2. d4 b5 3. c3 Bb7 4. Bd3 e6 5. Nd2 c5 6. Ngf3 Nf6 7. O-O Be7 8. Re1 d6 9. Qe2 Nc6 10. a3 e5 11. d5 c4 12. dxc6 cxd3 13. Qxd3 Bxc6 14.
Nf1 h6 15. Ng3 g6 16. b3 Qc8 17. Bb2 Qb7 18. Rad1 O-O 19. Qd2 Kg7 20. Bc1 Rh8 21. Qe2 Rac8 22. Nh4 Bd7 23. Rd3 Bg4 24. Nf3 Be6 25.
Qd1 Rc6 26. Bd2 Qc7 27. h3 a5 28. Rde3 Qa7 29. Nh4 a4 30. b4 Qd7 31. Rf3 Nh7 32.
Ngf5+ gxf5 33. exf5 Bb3 34. Rg3+ Kf8 35. Bxh6+ Ke8 36.
Qg4 Rc4 37. Qg7 Bf6 38. Qxh7 Rxh7 39. Rg8+ Ke7 40. Bf8+ Kd8 41. Bxd6+ Qe8 42. Rxe8+ Kxe8 43. Nf3 e4 44. Be5 Bxe5 45. Nxe5 Rxc3 46. Rxe4 Kd8 47.
Rd4+ Kc8 48. Nd7 Bc4 49. f6 Rh6 50. Nb6+ Kc7 51. Nd5+ Bxd5 52. Rxd5 Rxf6 53. Rxb5 Rxa3 54. Ra5 Kb6 55. h4 Ra1+ 56. Kh2 Rxf2 57. h5 Rff1 58. Kg3 Rh1 59. Kg4 a3 60. Ra8 a2 61. Kg5 Rh2 62.
g4 Rah1 63. Rxa2 Rxa2 64. Kf6 Rg2 65. g5 Rxh5 66. g6 fxg6 67. Kg7 Rf5 68. b5 Rf1 69. Kh6 g5 70. Kh5 g4 71. Kh4 g3 72. Kh3 Rgg1 73.
Kg4 Rf8 74. Kh3 Rg8 75. Kh4 Rh1# 0-1

[Event "Late-Titled-Tuesday-Blitz-June-18-2024"]
[Site "Chess.com"]
[Date "2024.06.18"]
[Round "6"]
[White "ahkashefi2800"]
[Black "XDPS"]
[Result "1-0"]
[WhiteElo "2630"]
[BlackElo "2868"]
[TimeControl "180+1"]
[EndTime "15:08:21 PDT"]
[Termination "ahkashefi2800 won by resignation"]

1. d4 d5 2. c4 e6 3. cxd5 exd5 4. Nc3 c6 5. Qc2 Bd6 6. Nf3 h6 7. Ne5 Nd7 8. Bf4 Qe7 9. Nd3 Ngf6 10. e3 O-O 11. Be2 Nb6 12. Bxd6 Qxd6 13. Ne5 Nbd7 14. f4 c5 15. O-O cxd4 16. exd4 Qb6 17. Rad1 Re8 18.
h3 Nxe5 19. fxe5 Rxe5 20. Na4 Rxe2 21. Qxe2 Qd8 22. Rde1 Ne4 23. Nc3 f5 24. Qb5 Be6 25. Qxb7 Rb8 26. Qa6 Qf6 27. Nxe4 dxe4 28. Rxe4 Rb6 29. Qxa7 Rxb2 30. Qa6 Rxg2+ 31. Kxg2 Qg6+ 32. Kh2 fxe4 33. d5 Bf7 34. Qxg6 Bxg6 35. a4 e3 36. Re1 1-0

[Event "Late-Titled-Tuesday-Blitz-June-18-2024"]
[Site "Chess.com"]
[Date "2024.06.18"]
[Round "6"]
[White "Millerkallpa"]
[Black "betta2004"]
[Result "0-1"]
[WhiteElo "2227"]
[BlackElo "2473"]
[TimeControl "180+1"]
[EndTime "15:08:23 PDT"]
[Termination "betta2004 won on time"]

1. e4 e5 2. Nf3 Nf6 3. Nxe5 Nc6 4. Nxc6 dxc6 5. d3 Bc5 6. Be2 h5 7. Be3 Bxe3 8. fxe3 Ng4 9. Bxg4 hxg4 10. Qe2 Qg5 11. Nd2 Be6 12. O-O-O a5 13. Kb1 a4 14. a3 b5 15. d4 O-O-O 16. Qf2 Kb7 17. Nf1 Qe7 18. Ng3 b4 19. axb4 Qxb4 20. Qd2 Qb5 21. Qc3 a3 22. b3 a2+ 23. Ka1 Ra8 24. Qc5 Qxc5 25. dxc5 Ka6 26. c4 Ka5 27. Kb2 Kb4 28. Ra1 Ra3 29. Rxa2 Rxb3+ 30. Kc2 Bxc4 31. Rb2 Bd3+ 32. Kc1 Rxb2 33.
Kxb2 Rb8 34. Rd1 Kc4+ 35. Ka2 Kc3 36. Rc1+ Bc2 37. Ne2+ Kd2 38. Ka3 Rb3+ 39. Ka2 Rxe3 0-1

[Event "Late-Titled-Tuesday-Blitz-June-18-2024"]
[Site "Chess.com"]
[Date "2024.06.18"]
[Round "6"]
[White "lukas_111111"]
[Black "sammartin99"]
[Result "1-0"]
[WhiteElo "2648"]
[BlackElo "2382"]
[TimeControl "180+1"]
[EndTime "15:08:24 PDT"]
[Termination "lukas_111111 won on time"]

1. d4 Nf6 2. g3 g6 3. Bg2 Bg7 4. e4 d6 5. Ne2 O-O 6. O-O e5 7. d5 Nbd7 8. c4 a5 9. Nbc3 Nc5 10.
Be3 Ng4 11. Bxc5 dxc5 12. Nb5 Nf6 13. Nec3 Ne8 14. Qd3 Bh6 15. Rad1 Nd6 16. Nxd6 cxd6 17. Nb5 f5 18. exf5 gxf5 19. f4 e4 20. Qe3 Bg7 21. b3 Bd7 22. Kh1 Bxb5 23. cxb5 Bd4 24. Qe2 Qf6 25.
Bh3 a4 26. g4 axb3 27. axb3 Ra3 28. gxf5 Rxb3 29. Qg4+ Kh8 30. Rde1 Rg8 31. Qh5 Be3 32.
Bg2 Rb2 33. Bxe4 Bd4 34. Bf3 Qg7 35. Qg5 Qxg5 36. fxg5 Be5 37. Re2 Rxe2 38. Bxe2 Rxg5 39. f6 Kg8 40. b6 Kf7 41. Ba6 1-0